 Dungeon Crawl Stone Soup version 0.22-a0-353-g2d6336e718 (webtiles) character file.

25569 Knicklaso the Warrior (level 12, -4/125 HPs)
             Began as a Minotaur Berserker on Apr 15, 2018.
             Was a High Priest of Trog.
             Slain by an eight-headed hydra (11 damage)
             ... on level 14 of the Dungeon.
             The game lasted 00:43:21 (15331 turns).

Knicklaso the Warrior (Minotaur Berserker)         Turns: 15331, Time: 00:43:23

Health: -4/125     AC:  8    Str: 26    XL:     12   Next: 90%
Magic:  11/11      EV: 15    Int: 11    God:    Trog [*****.]
Gold:   353        SH:  5    Dex: 15    Spells: 11/11 levels left

rFire    . . .     SeeInvis .   f - +2 dagger (venom)
rCold    . . .     Gourm    .   G - +0 buckler of Wigic {-Tele rElec Int+5}
rNeg     . . .     Faith    .   I - +2 leather armour of Going Fast {rPois Int+2}
rPois    +         Spirit   .   (helmet restricted)
rElec    +         Reflect  .   r - +0 cloak
rCorr    .         Harm     .   (no gloves)
MR       +....     NoTele   +   h - +0 pair of boots
Stlth    ++........             (no amulet)
HPRegen  0.30/turn              L - +4 ring of dexterity
MPRegen  0.12/turn              P - ring of the City {MR+ Stlth+}

@: drained
A: retaliatory headbutt, horns 2
a: Berserk, Trog's Hand, Brothers in Arms, Renounce Religion


You were on level 14 of the Dungeon.
You worshipped Trog.
Trog was extremely pleased with you.
You were very hungry.

You visited 1 branch of the dungeon, and saw 14 of its levels.

You collected 894 gold pieces.
You spent 541 gold pieces at shops.

Inventory:

Hand Weapons
 a - a +1 long sword of slicing
 b - a +3 fustibalus of flaming
 f - a +2 dagger of venom (weapon)
 s - a +0 short sword of venom
Missiles
 S - 108 sling bullets
Armour
 h - a +0 pair of boots (worn)
 r - a +0 cloak (worn)
 G - the +0 buckler of Wigic (worn) {-Tele rElec Int+5}
   (You found it on level 7 of the Dungeon)

   It affects your intelligence (+5).
   It insulates you from electricity.
   It prevents most forms of teleportation.
 I - the +2 leather armour of Going Fast (worn) {rPois Int+2}
   (You found it on level 8 of the Dungeon)

   It affects your intelligence (+2).
   It protects you from poison.
 Q - the +5 leather armour of Hiluch {rElec rN+}
   (You bought it in a shop on level 11 of the Dungeon)

   It insulates you from electricity.
   It protects you from negative energy.
 R - a +1 hat
Jewellery
 t - an uncursed ring of positive energy
 L - a +4 ring of dexterity (left hand)
 P - the ring of the City (right hand) {MR+ Stlth+}
   (You bought it in a shop on level 11 of the Dungeon)

   [ring of protection from magic]

   It affects your resistance to hostile enchantments.
   It makes you more stealthy.
 T - a +4 ring of intelligence {unknown}
Wands
 v - a wand of flame (49)
 y - a wand of acid (12)
 F - a wand of random effects (24)
 J - a wand of iceblast (6)
 K - a wand of enslavement (9)
 M - a wand of paralysis (11)
Scrolls
 e - a scroll of summoning {unknown}
 g - 12 scrolls of remove curse
 k - 3 scrolls of magic mapping {unknown}
 l - 4 scrolls of fog
 m - 9 scrolls of teleportation
 n - 2 scrolls of fear {unknown}
 q - 2 scrolls of identify
 z - a scroll of enchant weapon {unknown}
 B - 3 scrolls of enchant armour {unknown}
 C - 3 scrolls of amnesia {unknown}
 E - 4 scrolls of random uselessness {unknown}
 H - 2 scrolls of blinking
 O - a scroll of vulnerability {unknown}
 U - a scroll of acquirement {unknown}
Potions
 d - 5 potions of curing
 i - 2 potions of agility {unknown}
 j - 4 potions of degeneration {unknown}
 o - 5 potions of lignification {unknown}
 p - 3 potions of flight {unknown}
 u - 4 potions of haste
 w - 2 potions of ambrosia {unknown}
 x - a potion of resistance {unknown}
 A - 2 potions of brilliance {unknown}
 D - 2 potions of magic {unknown}
 N - 3 potions of heal wounds {unknown}
Comestibles
 c - 19 rations


   Skills:
 - Level 17.3(16.6) Fighting
 - Level 14.2(13.6) Long Blades
 + Level 6.0(5.5) Slings
 + Level 7.1(6.6) Armour
 + Level 6.5(6.0) Dodging
 - Level 4.0(3.5) Shields


You had 11 spell levels left.
You didn't know any spells.

Dungeon Overview and Level Annotations

Branches:
Dungeon (14/15)            Temple (0/1) D:6            Lair (0/6) D:11
    Orc (0/2) D:12         Vaults (0/5) D:14

Altars:
Dithmenos
Fedhas
Nemelex Xobeh
Trog
Vehumet
Xom
Zin

Shops:
D:7 *   D:11 *   D:14 *


Innate Abilities, Weirdness & Mutations

You reflexively headbutt those who attack you in melee.
You have a pair of horns on your head.


Message History

The eight-headed hydra closely misses you.
The eight-headed hydra bites you.
* * * LOW HITPOINT WARNING * * *
The eight-headed hydra misses you. The eight-headed hydra bites you.
* * * LOW HITPOINT WARNING * * *
Okay, then.
Your two-headed ogre goes berserk!
You are feeling very hungry.
The vampire mosquito bites your iron troll but does no damage.
Your iron troll misses the vampire mosquito.
Your iron troll claws the vampire mosquito! x2
The yak gores you.
* * * LOW HITPOINT WARNING * * *
The vault guard hits you with a great mace of draining!!
* * * LOW HITPOINT WARNING * * *
You feel drained.
* * * LOW HITPOINT WARNING * * *
The vault guard hits your iron troll with a long sword of holy wrath.
The eight-headed hydra bites you!
You die...

... ##'## . ##.....## . ..
#.#...#.# ..
...#.......#...
..y'c..∩...'... #.yypO..#
#y#DTY#.# . #..@(.# #.
###p### #.# ##...##
#..####....p####...#######
#...##.......##.$........#
#...........Z............#
#......#†..('............#
#......'.####...p........#
#...<..### #............'


You could see an eight-headed hydra, 3 vault guards, a centaur warrior, a yak, 4
vampire mosquitoes, a wolf spider zombie, a friendly iron troll (berserk) and a
friendly two-headed ogre (berserk).

Vanquished Creatures
  A hydra (D:12)
  Erolcha (D:12)
  5 two-headed ogres
  An unseen horror (D:10)
  Pikel (D:5)
  2 deep elf magi (D:14)
  3 cyclopes
  3 ugly things
  Joseph (D:7)
  A gargoyle (D:14)
  3 kobold demonologists (D:12)
  A jumping spider (shapeshifter) (D:14)
  8 trolls
  A queen bee (D:8)
  2 hornets
  Grinder (D:3)
  A hippogriff (D:9)
  A meliai zombie (D:14)
  Sigmund (D:2)
  13 yaks
  3 wyverns
  A wraith (D:12)
  3 hungry ghosts
  An acid dragon (D:10)
  3 porcupines (D:11)
  A water moccasin (D:5)
  5 orc warriors
  5 black bears
  3 ice beasts
  4 phantoms
  9 ogres
  A slave (D:5)
  2 necrophages (D:14)
  7 centaurs
  2 crocodiles
  6 big kobolds
  3 gnoll sergeants
  6 bullfrogs
  3 wyvern zombies
  2 wyvern skeletons
  8 scorpions
  20 killer bees
  A howler monkey (D:6)
  6 wights
  An electric eel (D:9)
  10 crimson imps
  A bullfrog zombie (D:7)
  3 jellies
  A quasit (D:8)
  A centaur zombie (D:8)
  6 hounds
  11 orc priests
  Crazy Yiuf (D:3)
  A bullfrog skeleton (D:12)
  7 orc wizards
  7 iguanas
  Terence (D:3)
  12 worker ants
  8 gnolls (D:12)
  13 adders
  2 shadow imps
  2 adder skeletons
  3 worms
  2 dart slugs (D:1)
  6 leopard geckos
  54 orcs
  6 bats
  4 giant cockroaches
  7 goblins
  4 hobgoblins
  25 jackals
  22 kobolds
  5 quokkas
  8 frilled lizards (D:1)
  A jackal skeleton (D:8)
  A leopard gecko zombie (D:5)
  A quokka skeleton (D:4)
  4 rats
397 creatures vanquished.

Vanquished Creatures (collateral kills)
  A vault guard (D:14)
  A cyclops (D:14)
  A hippogriff (D:14)
  2 gnoll sergeants (D:12)
5 creatures vanquished.

Vanquished Creatures (others)
  2 jackals (D:5)
  4 fungi (D:11)
6 creatures vanquished.

Grand Total: 408 creatures vanquished

Notes
Turn   | Place    | Note
-------+----------+-------------------------------------------
     0 | D:1      | Knicklaso the Minotaur Berserker began the quest for the Orb.
     0 | D:1      | Reached XP level 1. HP: 19/19 MP: 0/0
   124 | D:1      | Reached skill level 4 in Fighting
   124 | D:1      | Reached XP level 2. HP: 19/27 MP: 1/1
   216 | D:1      | Reached ** piety under Trog
   278 | D:1      | Reached XP level 3. HP: 34/34 MP: 2/2
   803 | D:2      | Noticed Sigmund
   812 | D:2      | Found a faded altar of an unknown god.
   818 | D:2      | Killed Sigmund
   818 | D:2      | Reached skill level 6 in Fighting
   818 | D:2      | Reached XP level 4. HP: 37/44 MP: 3/3
   818 | D:2      | Reached XP level 5. HP: 42/50 MP: 4/4
  1218 | D:3      | Noticed Terence
  1232 | D:3      | Killed Terence
  1232 | D:3      | Reached XP level 6. HP: 58/58 MP: 5/5
  1536 | D:3      | Reached *** piety under Trog
  1805 | D:3      | Noticed Grinder
  1826 | D:3      | Killed Grinder
  1826 | D:3      | Reached skill level 7 in Fighting
  1826 | D:3      | Reached XP level 7. HP: 51/66 MP: 6/6
  1845 | D:3      | Found a runed door.
  2029 | D:3      | Noticed Crazy Yiuf
  2035 | D:3      | Killed Crazy Yiuf
  2381 | D:4      | Reached skill level 8 in Fighting
  2738 | D:4      | Found a radiant altar of Vehumet.
  3119 | D:5      | Entered Level 5 of the Dungeon
  3227 | D:5      | Noticed Pikel
  3264 | D:5      | Killed Pikel
  3264 | D:5      | Reached skill level 9 in Fighting
  3264 | D:5      | Reached XP level 8. HP: 63/78 MP: 7/7
  3912 | D:6      | Reached skill level 10 in Fighting
  3912 | D:6      | Reached skill level 10 in Long Blades
  4274 | D:6      | Found a sparkling altar of Nemelex Xobeh.
  4387 | D:6      | Found a staircase to the Ecumenical Temple.
  4692 | D:7      | Noticed Joseph
  4710 | D:7      | Killed Joseph
  4710 | D:7      | Reached XP level 9. HP: 25/86 MP: 8/8
  5069 | D:7      | Reached skill level 11 in Fighting
  5103 | D:7      | Reached **** piety under Trog
  5159 | D:7      | Got a shimmering buckler
  5173 | D:7      | Found Idwynet's General Store.
  5195 | D:7      | Bought a scroll of blinking for 97 gold pieces
  5313 | D:7      | Found a bloodstained altar of Trog.
  5316 | D:7      | Found a blossoming altar of Fedhas.
  5319 | D:7      | Found a shadowy altar of Dithmenos.
  5373 | D:8      | Got a transparent leather armour
  5416 | D:8      | Reached skill level 1 in Shields
  6082 | D:8      | Found a shimmering altar of Xom.
  6190 | D:8      | Found a glowing silver altar of Zin.
  6360 | D:8      | Reached skill level 12 in Fighting
  6770 | D:8      | Reached XP level 10. HP: 78/100 MP: 9/9
  6838 | D:8      | Reached skill level 13 in Fighting
  7709 | D:9      | Reached ***** piety under Trog
  8180 | D:10     | Entered Level 10 of the Dungeon
  8234 | D:10     | Reached skill level 14 in Fighting
  8554 | D:10     | Identified the cursed +0 buckler of Wigic {-Tele rElec Int+5} (You found it on level 7 of the Dungeon)
  8564 | D:10     | Identified the +2 leather armour of Going Fast {rPois Int+2} (You found it on level 8 of the Dungeon)
  8652 | D:10     | Found a glowing silver altar of Zin.
  8712 | D:10     | Killed an unseen horror
  9015 | D:10     | Reached XP level 11. HP: 111/111 MP: 10/10
  9213 | D:10     | Noticed a two-headed ogre
  9246 | D:10     | Killed a two-headed ogre
  9246 | D:10     | Reached skill level 15 in Fighting
  9386 | D:10     | Noticed a two-headed ogre
  9420 | D:10     | Killed a two-headed ogre
 10120 | D:11     | Reached skill level 16 in Fighting
 10683 | D:11     | Found a staircase to the Lair.
 11136 | D:11     | Found Ysum's Antique Artefacts.
 11144 | D:11     | Bought a bound pewter ring for 185 gold pieces
 11144 | D:11     | Bought a smoking leather armour for 259 gold pieces
 11161 | D:11     | Identified the ring of the City {MR+ Stlth+} (You bought it in a shop on level 11 of the Dungeon)
 11163 | D:11     | Identified the +5 leather armour of Hiluch {rElec rN+} (You bought it in a shop on level 11 of the Dungeon)
 11504 | D:12     | Noticed a soul eater
 11747 | D:12     | Found a staircase to the Orcish Mines.
 12057 | D:12     | Reached skill level 17 in Fighting
 12072 | D:12     | Received a gift from Trog
 12083 | D:12     | Noticed a four-headed hydra
 12093 | D:12     | Killed a four-headed hydra
 12093 | D:12     | Reached XP level 12. HP: 78/125 MP: 11/11
 13117 | D:8      | Noticed a two-headed ogre
 13125 | D:8      | Killed a two-headed ogre
 13125 | D:8      | Reached skill level 1 in Slings
 13244 | D:12     | Noticed a two-headed ogre
 13249 | D:12     | Killed a two-headed ogre
 13649 | D:12     | Noticed Erolcha
 13663 | D:12     | Killed Erolcha
 14235 | D:13     | Reached skill level 5 in Armour
 14253 | D:13     | Noticed a two-headed ogre
 14261 | D:13     | Killed a two-headed ogre
 14474 | D:13     | Reached skill level 5 in Dodging
 14730 | D:14     | Reached skill level 5 in Slings
 15218 | D:14     | Found Caquf's Assorted Antiques.
 15276 | D:14     | Noticed a vault guard
 15299 | D:14     | Killed a vault guard
 15316 | D:14     | Found a gate to the Vaults.
 15323 | D:14     | Noticed a vault guard
 15323 | D:14     | Noticed an eight-headed hydra
 15324 | D:14     | Noticed a vault guard
 15328 | D:14     | Noticed a vault guard
 15329 | D:14     | Noticed a centaur warrior
 15331 | D:14     | Slain by an eight-headed hydra

Vault maps used:
D:1:      scummos_arrival_star, minmay_lizard_king
D:2:      chequers_ecumenical_altar_simple, uniq_sigmund
D:3:      first_ration, uniq_crazy_yiuf_cottage, uniq_terence, uniq_grinder
D:4:      vehumet_altar_wand_db, minmay_misc_feat_chi
D:5:      grunt_ministairs_15, st_stairs_6, hex_tiny, uniq_pikel
D:6:      minmay_temple_entry_from_below_a, nemelex_spade_bored_becter
D:7:      grunt_temple_overflow_diamond, serial_shops, nicolae_shop_waterfront,
          uniq_joseph
D:8:      lemuel_crystal_altar, zin_treasury, david_nohive_1
D:9:      wad_river_or_something
D:10:     basic_altar
D:11:     due_lair_maze_entry_diamond, nicolae_antique_artefacts
D:12:     kennysheep_orc_monster_closet_entryway, serial_curves, eino_curves_04,
          eino_curves_02, eino_curves_04, eino_curves_04, uniq_erolcha
D:14:     lightli_vaults_fourway_checkpoint, hangedman_decor_clover_reticule,
          serial_shops, shop_statue, nrook_loot_triangle

Skill      XL: |  1  2  3  4  5  6  7  8  9 10 11 12 |
---------------+-------------------------------------+-----
Fighting       | 4 6 7 9 10 12 14 17 | 17.3
Long Blades    | 4 6 7 9 10 11 12 14 | 14.2
Shields        | 4 |  4.0
Slings         | 6 |  6.0
Armour         | 7 |  7.1
Dodging        | 6 |  6.5

Action                   |  1- 3 |  4- 6 |  7- 9 | 10-12 || total
-------------------------+-------+-------+-------+-------++-------
Melee: Falchion          |    81 |       |       |       ||    81
       Headbutt          |    16 |    13 |    85 |   219 ||   333
       Dagger            |     4 |    96 |   394 |   501 ||   995
       Long sword        |       |       |       |   286 ||   286
 Fire: Fustibalus        |       |       |       |    48 ||    48
Invok: Trog's Hand       |     1 |       |     1 |    11 ||    13
       Berserk           |     1 |       |     1 |     5 ||     7
       Brothers in Arms  |       |       |       |     3 ||     3
Evoke: Wand              |       |       |       |     1 ||     1
  Use: Scroll            |       |       |     5 |     4 ||     9
       Potion            |       |       |     1 |       ||     1
 Stab: Sleeping          |       |       |       |     5 ||     5
  Eat: Chunk             |       |     4 |    11 |    35 ||    50
       Ration            |       |       |     2 |     2 ||     4
Armor: Chain mail        |    54 |    43 |   140 |    52 ||   289
       Leather armour    |       |       |       |   137 ||   137
Dodge: Dodged            |    49 |    29 |   121 |   356 ||   555
Block: Buckler           |       |       |       |   108 ||   108
       Rpst.: Falchion   |    16 |       |       |       ||    16
       Long sword        |       |       |       |    26 ||    26

Table legend:
 A = Spawn XP
 B = Non-spawn XP
 C = Spawn XP percentage of total XP
 D = Spawn monster count
 E = Non-spawn monster count
 F = Spawn count percentage of total count
 G = Total turns spent on level
                    A         B        C        D         E        F      G
               +---------+---------+-------+---------+---------+-------+---------
         Total |       0 |   36528 |   0.0 |       0 |     401 |   0.0 | 15331
               +---------+---------+-------+---------+---------+-------+---------
           D:1 |       0 |      65 |   0.0 |       0 |      37 |   0.0 |   598
           D:2 |       0 |     296 |   0.0 |       0 |      13 |   0.0 |   648
           D:3 |       0 |     477 |   0.0 |       0 |      29 |   0.0 |  1011
           D:4 |       0 |     510 |   0.0 |       0 |      13 |   0.0 |  1114
           D:5 |       0 |     846 |   0.0 |       0 |       8 |   0.0 |   793
           D:6 |       0 |     445 |   0.0 |       0 |      13 |   0.0 |   878
           D:7 |       0 |    1053 |   0.0 |       0 |      16 |   0.0 |   686
           D:8 |       0 |    3201 |   0.0 |       0 |      43 |   0.0 |  1850
           D:9 |       0 |    2345 |   0.0 |       0 |      27 |   0.0 |  1097
          D:10 |       0 |    5661 |   0.0 |       0 |      53 |   0.0 |  2170
          D:11 |       0 |    3183 |   0.0 |       0 |      36 |   0.0 |  1220
          D:12 |       0 |    9490 |   0.0 |       0 |      69 |   0.0 |  1953
          D:13 |       0 |    3163 |   0.0 |       0 |      20 |   0.0 |   675
          D:14 |       0 |    5793 |   0.0 |       0 |      24 |   0.0 |   638
               +---------+---------+-------+---------+---------+-------+---------
